Map: Eternal Empire LE

Players

Seismic - Winner!

  • Race: Zerg Zerg
  • League: Gold
  • Spawn Location: 1:00

A.I. 1 (Hard)

  • Race: Protoss Protoss
  • Spawn Location: 7:00

VOD

Have the link to the VOD?

Description

Time

  • Played on: March 21, 2020, 8:54 a.m.
  • Length: 14:00
Show
View Real Time Build Order
Export as new Build Order

Seismic Zerg - Winner!

Build Orders: Hatch First 

Get SALT Encoding   

  12  0:01  Drone  
  13  0:15  Overlord  
  13  0:20  Drone  
  14  0:33  Drone x2  
  16  0:37  Drone  
  17  0:47  Drone  
  18  0:58  Hatchery  
  17  1:05  Extractor  
  17  1:06  Drone  
  17  1:17  Spawning Pool  
  16  1:20  Drone  
  16  1:24  Drone  
  18  1:32  Drone  
  19  1:42  Overlord  
  19  2:07  Queen  
  21  2:09  Zergling x2  
  21  2:10  Zergling x2  
  21  2:11  Metabolic Boost  
  23  2:16  Drone  
  23  2:18  Drone  
  23  2:22  Drone  
  26  2:25  Drone  
  27  2:43  Queen  
  29  2:51  Queen  
  29  2:52  Hatchery  
  29  2:58  Overlord  
  30  2:59  Drone  
  30  3:03  Drone  
  32  3:06  Drone  
  32  3:10  Drone  
  34  3:15  Overlord  
  34  3:19  Pneumatized Carapace  
  34  3:26  Drone x3  
  37  3:44  Drone  
  37  3:45  Drone x3  
  37  3:46  Drone  
  37  3:47  Overlord  
  42  4:14  Baneling Nest  
  41  4:18  Drone x8  
  41  4:20  Overlord  
  49  4:52  Spore Crawler  
  48  5:02  Zergling x12  
  48  5:03  Zergling x8  
  48  5:05  Spore Crawler  
  48  5:06  Drone x2  
  48  5:07  Drone x2  
  60  5:10  Spore Crawler  
  60  5:16  Queen  
  62  5:25  Drone  
  62  5:26  Drone x3  
  62  5:28  Overlord, Drone x2  
  68  5:43  Drone x4  
  68  5:44  Drone x2  
  68  5:48  Drone  
  68  5:49  Overlord x2  
  75  6:21  Lair  
  75  6:29  Extractor  
  75  6:30  Drone x4  
  75  6:31  Extractor, Drone  
  78  6:34  Drone x3  
  81  6:44  Evolution Chamber x2  
  76  6:53  Zergling x10  
  76  6:54  Zergling x10  
  79  6:55  Overlord x2  
  78  7:06  Extractor, Queen  
  79  7:08  Extractor  
  78  7:41  Baneling x5  
  78  7:42  Hatchery, Baneling x8  
  77  7:51  Hydralisk Den  
  76  7:55  Extractor  
  75  8:04  Zerg Missile Weapons Level 1  
  75  8:05  Zerg Ground Armor Level 1  
  75  8:13  Zergling x2  
  75  8:14  Zergling x14  
  75  8:15  Zergling x2  
  75  8:19  Drone  
  85  8:22  Drone x5  
  85  8:24  Drone  
  85  8:26  Drone x3  
  94  9:16  Grooved Spines  
  94  9:17  Hydralisk  
  94  9:18  Hydralisk x6  
  94  9:19  Hydralisk x2, Extractor  
  94  9:21  Hydralisk  
  114  9:24  Zergling x12  
  114  9:25  Extractor, Zergling x2, Overlord x2  
  114  9:26  Overlord x5  
  119  9:54  Drone x15  
  134  10:01  Infestation Pit  
  133  10:21  Zerg Melee Weapons Level 1  
  133  10:22  Zerg Ground Armor Level 2  
  133  10:27  Muscular Augments, Hatchery  
  132  10:30  Queen  
  128  10:58  Zergling x2  
  128  10:59  Zergling x42  
  128  11:03  Baneling x2  
  128  11:04  Baneling x7  
  150  11:05  Baneling x3  
  150  11:10  Hydralisk  
  150  11:11  Hydralisk x4  
  160  11:27  Hive  
  160  11:29  Centrifical Hooks  
  160  11:31  Hydralisk x3  
  166  11:33  Overlord x5  
  166  11:34  Overlord  
  143  13:08  Zergling x32  
  143  13:09  Zergling x28  
Show
View Real Time Build Order
Export as new Build Order

A.I. 1 (Hard) Protoss 

Build Orders:  

Get SALT Encoding   

  12  0:00  Probe  
  13  0:13  Probe  
  14  0:20  Pylon  
  14  0:25  Probe  
  15  0:34  Probe  
  15  0:42  Probe  
  16  0:47  Assimilator  
  17  0:50  Gateway  
  17  0:52  Probe  
  18  1:00  Probe  
  18  1:01  Pylon  
  19  1:22  Probe  
  20  1:37  Zealot  
  22  1:41  Cybernetics Core  
  22  1:44  Gateway  
  22  1:48  Assimilator  
  22  2:06  Pylon  
  22  2:07  Stalker  
  22  2:14  Warp Gate  
  24  2:31  Adept  
  26  2:44  Stalker  
  28  2:48  Pylon  
  28  3:01  Stalker  
  30  3:13  Stalker  
  30  3:17  Probe  
  33  3:29  Probe  
  33  3:31  Stalker  
  36  3:35  Pylon  
  36  3:42  Probe  
  36  3:43  Stalker  
  39  3:50  Forge  
  39  3:54  Probe  
  40  4:06  Probe  
  40  4:09  Adept  
  43  4:18  Probe  
  43  4:22  Zealot  
  46  5:53  Protoss Ground Weapons Level 1  
  46  6:03  Adept  
  48  6:05  Gateway  
  48  6:07  Twilight Council  
  48  6:10  Pylon, Nexus  
  48  6:13  Sentry, Photon Cannon  
  48  6:15  Photon Cannon  
  48  6:18  Robotics Facility  
  50  6:21  Forge  
  50  6:22  Adept  
  52  6:30  Pylon  
  52  6:33  Adept  
  52  6:35  Stargate  
  54  6:42  Adept  
  54  6:44  Blink  
  56  6:51  Adept  
  56  6:53  Protoss Ground Armor Level 1  
  48  7:01  Adept  
  44  7:08  Observer  
  41  7:10  Zealot  
  43  7:19  Zealot  
  45  7:23  Probe  
  45  7:28  Probe  
  45  7:29  Observer, Stalker  
  50  7:35  Probe  
  51  7:38  Stalker  
  51  7:40  Probe  
  54  7:47  Probe, Stalker  
  57  7:52  Probe  
  57  7:56  Pylon, Stalker  
  60  8:00  Probe  
  60  8:02  Pylon  
  60  8:04  Probe  
  62  8:06  Sentry  
  62  8:12  Probe  
  65  8:16  Probe  
  66  8:23  Photon Cannon  
  66  8:24  Probe x2  
  67  8:27  Photon Cannon  
  67  8:33  Probe  
  68  8:36  Probe  
  70  8:43  Probe  
  70  8:48  Probe  
  72  8:57  Assimilator  
  72  9:02  Assimilator  
  72  9:22  Probe  
  72  9:26  Probe  
  72  9:30  Probe  
  75  10:17  Void Ray, Warp Prism  
  75  10:20  Stalker x2, Gateway  
  81  10:23  Robotics Facility  
  81  10:25  Stargate  
  81  10:27  Zealot  
  83  10:29  Pylon, Nexus  
  83  10:34  Robotics Bay  
  83  10:51  Fleet Beacon  
  83  10:53  Warp Prism  
  67  10:58  Void Ray  
  61  11:05  Sentry  
  61  11:10  Observer  
  64  11:15  Stalker  
  66  11:25  Stalker  
  68  11:28  Warp Prism  
  70  11:35  Zealot  
  72  11:42  Probe  
  72  11:43  Probe  
  72  11:44  Probe  
  72  11:45  Zealot  
  77  11:54  Probe, Assimilator x2  
  78  11:55  Stalker  
  78  11:57  Probe  
  78  12:00  Zealot  
  84  12:06  Probe  
  79  12:10  Stalker  
  79  12:15  Pylon  
  81  12:17  Stalker  
  81  12:21  Zealot  
  70  12:23  Nexus  
  44  12:31  Sentry  
  29  12:56  Pylon  
  29  12:57  Probe, Stalker  
  13  13:09  Probe, Stalker  
  2  13:34  Probe  
Tags
 
League
Gold
Matchup
PvZ
Spawn Locations
Cross Positions
Add a new tag
Caveats
  • Supply blocks, unpowered buildings, or Contaminate may cause inaccurate times.
  • Supply counts are checked every 10 seconds.